 Dungeon Crawl Stone Soup version 0.29-a0-330-g52719c12eb (webtiles) character file.

Game seed: 5999012122938403968

112 kae the Firebug (level 4, -1/31 HPs)
             Began as a Demigod Fire Elementalist on May 30, 2022.
             Slain by an orc
             ... wielding a +2 dagger of holy wrath
              (5 damage)
             ... on level 3 of the Dungeon.
             The game lasted 00:01:42 (2867 turns).

kae the Firebug (Demigod Fire Elementalist)         Turns: 2867, Time: 00:01:43

Health: -1/31      AC:  2    Str:  9    XL:     4   Next: 37%
Magic:  6/10       EV: 12    Int: 21    God:
Gold:   132        SH:  0    Dex: 14    Spells: 1/7 levels left

rFire   . . .      SeeInvis .   c - +1 whip (freeze)
rCold   . . .      Faith    .   (no shield)
rNeg    . . .      Spirit   .   a - +0 robe
rPois   .          Reflect  .   (helmet restricted)
rElec   .          Harm     .   (no cloak)
rCorr   .          Rampage  .   (no gloves)
Will    .....                   (no boots)
Stlth   ++........              (no amulet)
HPRegen 0.10/turn               (no ring)
MPRegen 0.12/turn               (no ring)

@: brilliant, very slightly contaminated, invisible (expiring)
A: high MP 1, forlorn, divine attributes, beak, frail 1
a: no special abilities


You were on level 3 of the Dungeon.
You visited 1 branch of the dungeon, and saw 3 of its levels.

You collected 132 gold pieces.

Inventory:

Hand Weapons
 c - a +1 whip of freezing (weapon)
Armour
 a - a +0 robe (worn)
Jewellery
 f - a +6 ring of intelligence
Potions
 g - a potion of attraction
 k - a potion of heal wounds
 l - a potion of invisibility


   Skills:
 + Level 1.2 Fighting
 - Level 1.7 Dodging
 - Level 1.7 Stealth
 + Level 2.2 Spellcasting
 * Level 2.3 Conjurations
 * Level 3.6 Fire Magic


You had one spell level left.
You knew the following spells:

 Your Spells              Type           Power      Damage    Failure   Level
a - Foxfire               Conj/Fire      88%        2x1d8     4%          1
b - Scorch                Fire           52%        2d7       4%          2
c - Conjure Flame         Conj/Fire      22%        6-21      12%         3

Your spell library contained the following spells:

 Spells                   Type           Power      Damage    Failure   Level
 Inner Flame              Hex/Fire       15%        N/A       21%         3
 Blink                    Tloc           6%         N/A       22%         2
 Flame Wave               Conj/Fire      22%        2d7       38%         4
 Summon Lightning Spire   Summ/Air       3%         N/A       82%         4
 Manifold Assault         Tloc           3%         N/A       99%         5
 Storm Form               Tmut/Air       1%         N/A       100%        7
 Maxwell's Capacitive Co  Air            1%         ∞         100%        8


Dungeon Overview and Level Annotations

Branches:
Dungeon (3/15)


Innate Abilities, Weirdness & Mutations

You have an increased reservoir of magic. (+10% MP)
You shall have no god before yourself.
Your divine heritage dramatically boosts your attributes as you level up.
You have a beak for a mouth.
You are frail. (-10% HP)


Message History

It was a potion of invisibility.
You fade into invisibility!
* * * LOW HITPOINT WARNING * * *
You feel sick.
Your foxfire dissipates!
* * * LOW HITPOINT WARNING * * *
You feel sick.
Things that are here:
a jackal corpse; a jackal corpse
* * * LOW HITPOINT WARNING * * *
You feel sick.
* * * LOW HITPOINT WARNING * * *
You feel sick.
You are no longer poisoned.
Things that are here:
a +0 club; a frilled lizard corpse
Found a stone staircase leading up.
You hear the slow rusting of a drain nearby.
There is a stone staircase leading up here.
An orc comes into view.
It is wielding a +2 dagger of holy wrath.
The orc shouts!
You hear an angry hiss.
Casting: Foxfire (safe; 4% risk of failure)
Confirm with . or Enter, or press ? or * to list all spells.
You feel a surge of power!
You conjure some foxfire!
You flicker for a moment.
The foxfire hits the orc.
The orc is heavily wounded.
The foxfire hits the orc.
The orc is severely wounded.
Casting: Foxfire (safe; 4% risk of failure)
Confirm with . or Enter, or press ? or * to list all spells.
You feel a surge of power!
You miscast Foxfire.
You are very lightly contaminated with residual magic.
Nothing appears to happen.
Casting: Foxfire (safe; 4% risk of failure)
Confirm with . or Enter, or press ? or * to list all spells.
You feel a surge of power!
You conjure some foxfire!
A quokka comes into view.
The orc hits you with a +2 dagger of holy wrath.
You die...

..####..###'##.# ##
#........<.r...## ..
##.##.#.##......#.####
#.#.##............
#.....###..######
...... #..######.
...... #.........
........###v#######
#...........@.......
.......#.vo.####.. ..
#....# #....# ##..≈#
#..≈# #.≈≈≈ #..≈#


You could see an orc (can't see you, ally target) and a quokka (wandering, can't
see you).

Vanquished Creatures
  3 adders
  A river rat (D:3)
  A worm (D:2)
  3 dart slugs (D:1)
  An orc (D:3)
  2 ball pythons
  4 endoplasms
  3 giant cockroaches
  6 goblins
  3 hobgoblins
  6 jackals
  6 kobolds
  A quokka (D:2)
  3 bats
  2 frilled lizards
  24 rats
69 creatures vanquished.

Vanquished Creatures (others)
  187 foxfires
187 creatures vanquished.

Grand Total: 256 creatures vanquished

Notes
Turn   | Place    | Note
-------+----------+-------------------------------------------
     0 | D:1      | kae the Demigod Fire Elementalist began the quest for the
                  | Orb.
     0 | D:1      | Reached XP level 1. HP: 14/14 MP: 5/5
    16 | D:1      | Reached skill level 1 in Conjurations
   337 | D:1      | Reached XP level 2. HP: 22/22 MP: 4/7
   423 | D:1      | Reached skill level 3 in Fire Magic
  1010 | D:1      | Learned a level 2 spell: Scorch
  1445 | D:2      | Reached XP level 3. HP: 27/27 MP: 5/8
  1449 | D:2      | Learned a level 3 spell: Conjure Flame
  1599 | D:2      | Reached skill level 1 in Fighting
  2263 | D:2      | Reached XP level 4. HP: 35/35 MP: 5/10
  2828 | D:3      | Gained mutation: You are frail. (-10% HP) [potion of
                  | mutation]
  2828 | D:3      | Gained mutation: You have a beak for a mouth. [potion of
                  | mutation]
  2840 | D:3      | HP: 1/31 [poisoned by an adder]
  2867 | D:3      | Slain by an orc

Illustrated notes

Levels and vault maps discovered:
D:1:      minmay_arrival_diagonal_passages, layout_basic
D:2:      layout_loops_ring, ebering_ecumenical_altar_ruins, minmay_rat_hole
D:3:      minmay_skewed_foursquare, layout_basic, lightli_sewer_entry_pipes,
          serial_shops, shop

Skill      XL: |  1  2  3 |
---------------+----------+-----
Conjurations   | 1 2 |  2.3
Fire Magic     | 3 |  3.6
Spellcasting   | 2 |  2.2
Fighting       | 1 |  1.2
Dodging        | |  1.7
Stealth        | |  1.7

Action                   |  1- 3 |  4- 6 || total
-------------------------+-------+-------++-------
Melee: Whip              |    27 |       ||    27
 Cast: Foxfire           |    91 |    22 ||   113
       Scorch            |     6 |     4 ||    10
  Use: Potion            |       |     5 ||     5
       Scroll            |       |     3 ||     3
Armor: Robe              |     8 |     2 ||    10
Dodge: Dodged            |    29 |    21 ||    50

Table legend: (Time is in decaauts)
 A = Elapsed time spent in this place.
 B = Non-inter-level travel time spent in this place.
 C = Inter-level travel time spent in this place.
 D = Time resting spent in this place.
 E = Time spent auto-exploring this place.
 F = Levels seen in this place.
 G = Mean time per level.
                   A        B        C        D        E       F      G
               +--------+--------+--------+--------+--------+-----+--------+
         Total |   2868 |   2735 |    133 |      0 |   2280 |   3 |  956.0 |
       Dungeon |   2868 |   2735 |    133 |      0 |   2280 |   3 |  956.0 |
               +--------+--------+--------+--------+--------+-----+--------+

Top non-repeatable levels by time:
     D:2: 1413 daAuts
     D:1: 1337 daAuts
     D:3: 117 daAuts
